AoeStats
← no one

Arena

508313352Analyzed
1v1 RM · 11d ago on Sep 21, 2026· 26m 30s· 2 players
Game mode
Random Map
Map size
Tiny (2 player)
Population
200
Speed
Normal
Resources
Standard
Victory
Conquest
Starting age
Dark Age
Ending age
Imperial Age
RankedLock teamsTeams togetherTeam positionsShared explorationLock speedFull tech treeHidden civsTurbo modeCheats
Victory
Defeat
🇨🇿 Berbers · Czechia
1766
+12
🇦🇷 Mongols · Argentina
1680
-12
no one
10:51 Feudal Age
14:24 Castle Age
12:33 Double-Bit Axe
13:27 Horse Collar
15:20 Bow Saw
18:20 Fletching
20:13 Loom
22:05 Bodkin Arrow
22:13 Town Watch
23:28 Ballistics
23:53 Wheelbarrow
25:30 Padded Archer Armor
alesh
10:51 Feudal Age
14:34 Castle Age
12:48 Double-Bit Axe
13:34 Horse Collar
15:28 Light Cavalry
17:46 Bow Saw
21:45 Wheelbarrow
22:15 Stone Mining
22:56 Gold Mining
22:57 Loom
26:41 Fletching
Connection lost

Rejoining the realm…

Still unreachable

The connection could not be restored.

Session expired

The server has moved on; the page needs a fresh start.